 Dungeon Crawl Stone Soup version 0.13.1-28-g3517093 (console) character file.

170 Magician the Chopper (level 4, 0/60 HPs)
             Began as a Minotaur Berserker on Mar 8, 2014.
             Was a Believer of Trog.
             Shot with a stone by a goblin (2 damage)
             ... on Level 4 of the Dungeon.
             The game lasted 00:02:00 (308 turns).

Magician the Chopper (Minotaur Berserker)            Turns: 308, Time: 00:02:00

HP   0/60        AC  2     Str 27      XL: 4   Next: 54%
MP   1/1         EV 12     Int  4      God: Trog [**....]
Gold 65          SH  0     Dex 10      Spells:  0 memorised,  3 levels left

Res.Fire  : . . .   See Invis. : .   a - +0 hand axe {=f}
Res.Cold  : . . .   Warding    : .   b - +0 animal skin
Life Prot.: . . .   Conserve   : .   (no shield)
Res.Poison: .       Res.Corr.  : .   (helmet restricted)
Res.Elec. : .       Clarity    : .   (no cloak)
Sust.Abil.: . .     Spirit.Shd : .   (no gloves)
Res.Mut.  : .       Stasis     : .   (no boots)
Res.Rott. : .       Flight     : .   (no amulet)
Saprovore : . . .                    (no ring)
                                     (no ring)

@: berserking, very quick, slightly resistant to hostile enchantments, extremely
unstealthy
A: retaliatory headbutt, horns 2
a: Burn Spellbooks, Berserk, Trog's Hand, Renounce Religion


You were on level 4 of the Dungeon.
You worshipped Trog.
Trog was pleased with you.
You were not hungry.

You visited 1 branch of the dungeon, and saw 4 of its levels.

You collected 45 gold pieces.

Inventory:

Hand weapons
 a - a +0,+0 hand axe (weapon) {=f}
Armour
 b - a +0 animal skin (worn)
Comestibles
 c - 2 bread rations
Scrolls
 d - a scroll of magic mapping {unknown}
 e - a scroll of curse jewellery {unknown}
 h - 2 scrolls of amnesia {unknown}
 j - a scroll of enchant armour {unknown}
 l - a scroll of teleportation {unknown}
Potions
 f - a potion of curing {unknown}
 g - 2 potions of mutation {unknown}
 i - a potion of beneficial mutation {unknown}
 k - a potion of heal wounds {unknown}


   Skills:
 + Level 4.8 Fighting
 * Level 5.6 Axes
 - Level 2.4 Armour
 - Level 2.1 Dodging


You had 3 spell levels left.
You didn't know any spells.

Dungeon Overview and Level Annotations

Branches:
Dungeon (4/27)
 Temple: D:4-7

Altars:


Innate Abilities, Weirdness & Mutations

You reflexively headbutt those who attack you in melee.
You have a pair of horns on your head.


Message History

You feel somewhat more hungry. The hound closely misses you.
The goblin shoots a stone.
The stone hits you! The hound bites you.
* * * LOW HITPOINT WARNING * * *
An adder comes into view.
You hit the hound.
The hound is moderately wounded.
The hound bites you.
* * * LOW HITPOINT WARNING * * *
You slash the hound! Your headbutt misses the hound.
The hound is severely wounded.
The hound closely misses you.
The goblin shoots a stone.
The stone hits you!
* * * LOW HITPOINT WARNING * * *
You completely miss the hound.
The hound is severely wounded.
The hound closely misses you. You furiously retaliate!
You headbutt the hound!
You kill the hound!
Trog accepts your kill.
A troll skeleton comes into view.
The goblin shoots a stone.
The stone hits you!
You die...

... ####..#
#.....#
######.....#####
#...............
#..<.....# .
#.#'##...##.=. #
#.(.....S....
###(@...g..Z.
#...%..[#.#....
#..###..# #.
#..# # #..# ...#
#.## ... #.#


You could see an adder, a goblin and a troll skeleton.

Vanquished Creatures
  A hound (D:4)
  An orc wizard (D:3)
  3 adders
  A giant gecko (D:1)
  4 orcs (D:3)
  2 bats (D:1)
  4 goblins
  2 hobgoblins
  3 kobolds
  A giant newt (D:2)
  3 rats
25 creatures vanquished.

Vanquished Creatures (others)
  An adder (D:4)
1 creature vanquished.

Grand Total: 26 creatures vanquished

Notes
Turn   | Place    | Note
--------------------------------------------------------------
     0 | D:1      | Magician, the Minotaur Berserker, began the quest for the Orb.
     0 | D:1      | Reached XP level 1. HP: 19/19 MP: 0/0
    81 | D:2      | Reached skill level 4 in Axes
    94 | D:1      | Reached XP level 2. HP: 26/26 MP: 0/0
   233 | D:3      | Acquired Trog's second power
   243 | D:3      | Reached XP level 3. HP: 12/33 MP: 1/1
   246 | D:3      | Reached skill level 5 in Axes
   286 | D:3      | Reached XP level 4. HP: 8/40 MP: 1/1
   306 | D:4      | HP: 2/60 [goblin/ stone (3)]
   308 | D:4      | Shot with a stone by a goblin

Action                   |  1- 3 |  4- 6 || total
-------------------------+-------+-------++-------
Melee: Hand axe          |    40 |     3 ||    43
Invok: Berserk           |     1 |     1 ||     2
